 Dungeon Crawl Stone Soup version 0.26-a0-660-gc07710193c (webtiles) character file.

Game seed: 17051568432446639906

693 rikardo the Chopper (level 7, -2/64 HPs)
             Began as a Deep Dwarf Fighter on Oct 6, 2020.
             Was an Initiate of Makhleb.
             Slain by an ogre
             ... wielding a +0 giant spiked club
              (6 damage)
             ... on level 5 of the Dungeon.
             The game lasted 00:09:20 (3008 turns).

rikardo the Chopper (Deep Dwarf Fighter)            Turns: 3008, Time: 00:09:20

Health: -2/64      AC: 14    Str: 19    XL:     7   Next: 37%
Magic:  7/7        EV:  5    Int: 11    God:    Makhleb [......]
Gold:   215        SH:  9    Dex: 12    Spells: 3/6 levels left

rFire    . . .     SeeInvis .   o - +2 hand axe (vorpal)
rCold    + . .     Faith    .   c - +0 kite shield
rNeg     . . .     Spirit   .   w - +3 chain mail
rPois    .         Reflect  .   (no helmet)
rElec    .         Harm     .   (no cloak)
rCorr    .         Rampage  .   m - +0 pair of gloves
MR       +....                  t - +0 pair of boots
Stlth    ..........             g - amulet of the acrobat
HPRegen  0.00/turn              q - ring of protection from cold
MPRegen  0.10/turn              (no ring)

@: non-regenerating
A: damage resistance, heal wounds, sense surroundings 1, no regeneration
a: Heal Wounds, Renounce Religion


You were on level 5 of the Dungeon.
You worshipped Makhleb.
Makhleb was noncommittal.
You visited 2 branches of the dungeon, and saw 6 of its levels.

You collected 215 gold pieces.

Inventory:

Hand Weapons
 a - a +0 war axe
 i - a +1 mace of protection
 o - a +2 vorpal hand axe (weapon)
Missiles
 l - 22 bolts
 u - 37 arrows
 A - 29 sling bullets
Armour
 c - a +0 kite shield (worn)
 m - a +0 pair of gloves (worn)
 t - a +0 pair of boots (worn)
 w - a +3 chain mail (worn)
 B - a +2 scale mail of fire resistance
 D - a +0 plate armour
Jewellery
 g - an amulet of the acrobat (around neck)
 q - a ring of protection from cold (left hand)
Wands
 v - a wand of digging (2)
Scrolls
 e - 3 scrolls of remove curse {unknown}
 f - a scroll of fear {unknown}
 h - 2 scrolls of random uselessness {unknown}
 j - 2 scrolls of amnesia {unknown}
 k - 10 scrolls of identify {unknown}
 n - 2 scrolls of magic mapping {unknown}
 r - 5 scrolls of teleportation {unknown}
 s - a scroll of immolation {unknown}
 x - a scroll of enchant armour {unknown}
 y - 2 scrolls of fog {unknown}
 z - a scroll of noise {unknown}
 C - a scroll of blinking {unknown}
Potions
 b - 2 potions of curing
 d - a potion of might
 p - 2 potions of lignification
 E - a potion of magic {unknown}


   Skills:
 * Level 4.0 Fighting
 * Level 7.7 Axes
 * Level 4.0 Armour
 * Level 4.1 Shields


You had 3 spell levels left.
You knew the following spells:

 Your Spells              Type           Power        Failure   Level
a - Vampiric Draining     Necr           #.........   100%        3

Your spell library contained the following spells:

 Spells                   Type           Power        Failure   Level
 Animate Skeleton         Necr           #.....       100%        1
 Pain                     Necr           #...         100%        1
 Animate Dead             Necr           #.........   100%        4
 Agony                    Necr           #.......     100%        5


Dungeon Overview and Level Annotations

Branches:
Dungeon (5/15)             Temple (1/1) D:5

Altars:
Ashenzari
Cheibriados
Dithmenos
Elyvilon
Fedhas
Hepliaklqana
Makhleb
Nemelex Xobeh
Okawaru
Qazlal
Ru
Uskayaw
Yredelemnul
Zin
The Shining One
Lugonu

Shops:
D:5 *

Annotations:
D:5 2 runed translucent doors, TigOlBitties's ghost, amateur SpEn


Innate Abilities, Weirdness & Mutations

You are resistant to damage.
You can heal yourself by infusing magical energy.
You passively map a small area around you.
You do not regenerate.


Message History

Okay, then.
Unknown command.
Fire/throw which item? (* to show all) (? for menu, Esc to quit)
Okay, then.
Unknown command.
q - a ring of protection from cold (left hand)
You start putting on your amulet.
You continue putting on your uncursed amulet of the acrobat. x5
You finish putting on your uncursed amulet of the acrobat.
You feel ready to tumble and roll out of harm's way.
g - an amulet of the acrobat (around neck) Unknown command.
You hit the ogre.
The ogre is lightly wounded.
The ogre hits you with a +0 giant spiked club!!
* * * LOW HITPOINT WARNING * * *
You barely miss the ogre.
The ogre is lightly wounded.
The ogre hits you with a +0 giant spiked club!
You die...

* ,, * *, ##########....##.....#*
### .........#...........# ##_##
.....###.#....#......# ,####...##
####.###+##..........+ ##........
..........#>....:....###..##...##
..........#.##.......#_..###_._##
..........#(##..O....###..#######
.............#..@....# ##........
..........#..#.......# #####.###
..........#..###.....# ##'#
..........#..# ###'### #..#
.............# #.# #####.##
.........⌠.⌠.# #.# #.....#
..........∩..# #.#####.###.#
.........⌠.⌠.# #.......# #.#
.........#..###############.#


You could see an ogre.

Vanquished Creatures
  2 ogres
  A scorpion (D:4)
  3 orc wizards
  A jelly (D:5)
  A centaur skeleton (D:4)
  Jessica (D:3)
  Ijyb (D:5)
  Natasha (twice) (D:3)
  A worker ant (D:5)
  A hound skeleton (D:4)
  4 gnolls (D:5)
  3 adders
  A white imp (D:5)
  An ufetubus (D:5)
  2 adder skeletons (D:4)
  A worm (D:2)
  2 dart slugs
  7 leopard geckos
  11 orcs
  5 giant cockroaches
  12 goblins
  4 hobgoblins
  14 jackals
  A quokka (D:5)
  4 bats
  2 frilled lizards
  7 kobolds
  A leopard gecko skeleton (D:5)
  8 rats
104 creatures vanquished.

Notes
Turn   | Place    | Note
-------+----------+-------------------------------------------
     0 | D:1      | rikardo the Deep Dwarf Fighter began the quest for the Orb.
     0 | D:1      | Reached XP level 1. HP: 20/20 MP: 1/1
    33 | D:1      | Reached XP level 2. HP: 26/28 MP: 2/2
   294 | D:1      | Reached skill level 3 in Axes
   507 | D:1      | Reached XP level 3. HP: 22/34 MP: 3/3
   878 | D:2      | Found a stormy altar of Qazlal.
  1165 | D:2      | Reached skill level 4 in Axes
  1165 | D:2      | Reached XP level 4. HP: 42/42 MP: 4/4
  1238 | D:2      | Found a blossoming altar of Fedhas.
  1344 | D:3      | Noticed Natasha
  1356 | D:3      | Killed Natasha
  1546 | D:3      | Found a hide-covered altar of Uskayaw.
  1546 | D:3      | Noticed Natasha
  1579 | D:3      | Killed Natasha
  1579 | D:3      | Reached XP level 5. HP: 35/50 MP: 5/5
  1790 | D:3      | Noticed Jessica
  1799 | D:3      | Killed Jessica
  1799 | D:3      | Reached skill level 5 in Axes
  1880 | D:3      | Found a faded altar of an unknown god.
  2098 | D:4      | Reached XP level 6. HP: 17/57 MP: 6/6
  2137 | D:4      | Reached skill level 6 in Axes
  2284 | D:4      | Found a broken altar of Ashenzari.
  2531 | D:5      | Entered Level 5 of the Dungeon
  2562 | D:5      | Noticed Ijyb
  2616 | D:5      | Killed Ijyb
  2616 | D:5      | Reached skill level 7 in Axes
  2637 | D:5      | Reached XP level 7. HP: 59/64 MP: 7/7
  2642 | D:5      | Found a large runed translucent door.
  2642 | D:5      | Found a large runed translucent door.
  2644 | D:5      | Noticed TigOlBitties's ghost (amateur SpEn)
  2800 | D:5      | Learned a level 3 spell: Vampiric Draining
  2804 | D:5      | Found a staircase to the Ecumenical Temple.
  2817 | Temple   | Entered the Ecumenical Temple
  2906 | D:5      | Found Qitrorchu's General Store.
  2954 | D:5      | Found a basalt altar of Yredelemnul.
  2954 | D:5      | Found a burning altar of Makhleb.
  2959 | D:5      | Found a glowing silver altar of Zin.
  2961 | D:5      | Found a hazy altar of Hepliaklqana.
  2963 | D:5      | Found a snail-covered altar of Cheibriados.
  2973 | D:5      | Became a worshipper of Makhleb the Destroyer
  3008 | D:5      | Slain by an ogre

Illustrated notes

Levels and vault maps discovered:
D:1:      lemuel_arrival_rhombus, layout_loops_ring, due_unseen_surprise
D:2:      layout_rooms, marbit_many_paths, lemuel_crystal_altar
D:3:      layout_basic, eat_drink_and_be_merry_uskayaw,
          chequers_ecumenical_altar_island, uniq_natasha, uniq_jessica
D:4:      layout_rooms, old_standard_altar
D:5:      layout_basic, chequers_temple_overflow_minitemple,
          minmay_temple_entry_purple_smoke, serial_shops, shop_fountains,
          ebering_ghost_disaster_area, uniq_ijyb
Temple:   corrupted_temple

Skill      XL: |  1  2  3  4  5  6  7 |
---------------+----------------------+-----
Fighting       | 3 4 |  4.0
Axes           | 3 4 5 7 |  7.7
Armour         | 4 |  4.0
Shields        | 4 |  4.1

Action                   |  1- 3 |  4- 6 |  7- 9 || total
-------------------------+-------+-------+-------++-------
Melee: War axe           |   107 |       |       ||   107
       Hand axe          |    15 |   153 |    34 ||   202
       Unarmed           |       |     3 |       ||     3
  Use: Potion            |     1 |     5 |       ||     6
Armor: Scale mail        |    55 |    18 |       ||    73
       Skin              |       |    20 |       ||    20
       Chain mail        |       |    34 |    18 ||    52
Dodge: Dodged            |    28 |    25 |     9 ||    62
Block: Kite shield       |    62 |    64 |    22 ||   148

Table legend: (Time is in decaauts)
 A = Elapsed time spent in this place.
 B = Non-inter-level travel time spent in this place.
 C = Inter-level travel time spent in this place.
 D = Time resting spent in this place.
 E = Time spent auto-exploring this place.
 F = Levels seen in this place.
 G = Mean time per level.
                   A        B        C        D        E       F      G
               +--------+--------+--------+--------+--------+-----+--------+
         Total |   3095 |   2913 |    182 |    163 |   1916 |   6 |  515.8 |
       Dungeon |   3051 |   2881 |    170 |    163 |   1887 |   5 |  610.2 |
        Temple |     44 |     32 |     12 |      0 |     29 |   1 |   44.0 |
               +--------+--------+--------+--------+--------+-----+--------+

Top non-repeatable levels by time:
     D:1: 908 daAuts
     D:3: 803 daAuts
     D:4: 478 daAuts
     D:5: 431 daAuts
     D:2: 429 daAuts
  Temple: 44 daAuts
